Cogmind - Beta 12 @@@ ROGUE MODE // 2024.01.28 @ 19:04:39 Player: Jiyva Result: Destroyed by P-80 Master with Gamma Rifle Performance ------------- Evolutions (8) 4000 Regions Visited (18) 3600 Robots Destroyed (179) 895 Value Destroyed (10137) 10137 Prototype IDs (15) 300 Alien Tech Used (0) 0 Bonus (4976) 4976 TOTAL SCORE: 23908 Bonus ------- High Alert Combat Kills 997 Follower Combat Kills 262 Met Imprinter 300 Was Imprinted 300 Met Warlord at Base 500 MAIN.C Attacked Warlord 500 Warlord Defense Kills 2288 Friendly Fire -171 Cogmind --------- Core Integrity 0/1450 Matter 39/300 Energy 90/100 System Corruption 8% Temperature Cool (0) Movement Core (50) Location -2/Research Parts ------- > --- POWER (2) -------- (None) > --- PROPULSION (4) --- (None) > --- UTILITY (12) ----- Triangulator Advanced Target Analyzer > --- WEAPON (5) ------- (None) > --- INVENTORY (5) ---- Light Quantum Reactor Flexi-carbon Leg Enhanced Nova Cannon Linear Accelerator Peak State ------------ > --- POWER ------------ Micro Antimatter Reactor Graviton Reactor > --- PROPULSION ------- Myomer Leg Myomer Leg Myomer Leg Myomer Leg > --- UTILITY ---------- Experimental Heat Sink Triangulator Enhanced Optical Array Advanced Transmission Jammer Advanced ECM Suite Makeshift Cloaking Device Layered Heavy Armor Plating Graphene Brace Experimental Thermal Shield Improved Dynamic Insulation System > --- WEAPON ----------- Nova Cannon Linear Accelerator RU-N14's Throwing Claymores v3 RU-N14's Throwing Claymores v3 > --- INVENTORY -------- Flexi-carbon Leg Hardcell Cannon RU-N14's Throwing Claymores v3 RU-N14's Throwing Claymores v3 RU-N14's Throwing Claymores v3 [Rating: 149] Favorites ----------- Power Backup Power III Engine Backup Power III Power Core Micro Nuclear Core Reactor Particle Reactor Propulsion Myomer Leg Treads Centrium Heavy Treads Leg Myomer Leg Wheel Wheel Hover Unit Combat Linear Gravjet Utility Experimental Heat Sink Device Experimental Heat Sink Storage Huge Storage Unit Processor Enhanced Optical Array Hackware Advanced Hacking Suite Protection Improved Medium Armor Plating Weapon RU-N14's Throwing Claymores v3 Energy Gun Quantum Rifle Energy Cannon Vortex Cannon Ballistic Gun Railgun Ballistic Cannon Linear Accelerator Launcher Grenade Launcher Special Weapon RU-N14's Throwing Claymores v3 Build | -11 -10 -9 -9 -7 -6 -6 -5 -5 -5 -5 -5 -4 -4 -4 -4 -3 -3 -2 ------- Run | Jun Mat Mat Min Zio Pro Fac Fac Ext Cet Arc Hub Fac Upp Upp War Pro Res Res Slots Evolved 16 | . . 2 . . . 6 2 . . . . 2 . . . . 2 2 Power 1 | . . . . . . 1 . . . . . . . . . . . . Propulsion 2 | . . . . . . 1 1 . . . . . . . . . . . Utility 10 | . . 1 . . . 4 1 . . . . 1 . . . . 2 1 Weapon 3 | . . 1 . . . . . . . . . 1 . . . . . 1 Parts Attached 230 | 5 . 14 3 11 16 26 7 22 25 11 5 8 4 11 7 2 36 17 Power 28 | 1 . . . . 4 2 1 2 6 2 . . 2 . . . 4 4 Engine 4 | 1 . . . . 2 1 . . . . . . . . . . . . Core 7 | . . . . . 2 1 1 2 1 . . . . . . . . . Reactor 17 | . . . . . . . . . 5 2 . . 2 . . . 4 4 Propulsion 46 | 2 . 2 . 3 5 2 1 6 3 2 . 5 1 2 1 . 8 3 Treads 6 | . . . . . . . . . 2 2 . 1 . . . . . 1 Leg 31 | . . 2 . 3 5 2 1 1 1 . . 4 1 2 1 . 8 . Wheel 7 | 2 . . . . . . . 5 . . . . . . . . . . Hover 2 | . . . . . . . . . . . . . . . . . . 2 Flight . | . . . . . . . . . . . . . . . . . . . Utility 92 | . . 8 1 4 5 14 4 7 10 3 3 2 1 7 2 2 15 4 Device 68 | . . 2 1 3 3 10 4 5 7 3 3 2 1 6 1 2 12 3 Storage 2 | . . . . . . 1 . . . . . . . . . . 1 . Processor 5 | . . . . . 1 2 . . 1 . . . . . . . 1 . Hackware 1 | . . . . . . . . 1 . . . . . . . . . . Protection 16 | . . 6 . 1 1 1 . 1 2 . . . . 1 1 . 1 1 Artifact . | . . . . . . . . . . . . . . . . . . . Weapon 64 | 2 . 4 2 4 2 8 1 7 6 4 2 1 . 2 4 . 9 6 Energy Gun 14 | 1 . 2 . 3 . 1 . . 2 1 2 . . 2 . . . . Energy Cannon 23 | . . 1 1 . 1 7 1 4 1 . . 1 . . 2 . 3 1 Ballistic Gun 9 | 1 . 1 . 1 . . . 1 2 3 . . . . . . . . Ballistic Cannon 7 | . . . . . . . . 1 1 . . . . . . . 4 1 Launcher 5 | . . . 1 . 1 . . 1 . . . . . . . . . 2 Special Weapon 6 | . . . . . . . . . . . . . . . 2 . 2 2 Impact Weapon . | . . . . . . . . . . . . . . . . . . . Slashing Weapon . | . . . . . . . . . . . . . . . . . . . Piercing Weapon . | . . . . . . . . . . . . . . . . . . . Special Melee Weapon . | . . . . . . . . . . . . . . . . . . . Unidentified Prototypes 14 | . . . . . . 2 . . 6 . . . . . 3 . 3 . Parts Lost 62 | . . 7 . . 3 1 . 9 13 1 1 . . 8 . . 5 14 Power 8 | . . . . . 1 . . 1 1 . . . . 2 . . 1 2 Propulsion 17 | . . 2 . . . . . 4 5 . . . . 1 . . . 5 Utility 21 | . . 2 . . . 1 . 3 4 1 . . . 2 . . 3 5 Weapon 16 | . . 3 . . 2 . . 1 3 . 1 . . 3 . . 1 2 Highest Loss Streak 8 | . . 7 . . 2 1 . 4 8 1 1 . . 3 . . 1 5 To Critical Strikes . | . . . . . . . . . . . . . . . . . . . Average Slot Usage (%) 88 | . 71 85 100 99 93 85 93 81 76 87 94 89 94 75 93 100 92 64 Engine 4 | . 14 11 11 11 6 3 5 2 . . . . . . 8 10 3 . Core 1 | . . . . . 4 2 5 6 4 . . . . . . . . . Reactor 3 | . . . . . . . . . 5 11 11 10 10 5 . . 4 6 Treads 1 | . . . . . . . . . 6 12 17 13 . . . . . . Leg 16 | . . 5 22 22 22 20 23 13 . . . 2 21 20 21 21 18 11 Device 26 | . . 11 22 21 6 21 22 18 25 27 29 30 31 24 35 31 37 22 Processor 7 | . . . . . 10 11 11 11 8 11 11 10 10 10 10 10 4 7 Protection 6 | . . 12 11 10 14 13 11 9 3 5 5 5 5 2 . 5 3 2 Energy Gun 6 | . 14 17 11 16 12 5 . . 6 7 5 8 5 8 4 . . . Energy Cannon 4 | . . . 8 . 9 6 11 8 2 . . 1 5 1 5 10 6 1 Ballistic Gun 2 | . 14 10 11 5 . . . . 3 8 10 5 5 1 . . . . Launcher 1 | . . . 2 11 6 . . . . . . . . . . . . 1 Special Weapon 2 | . . . . . . . . . . . . . . . 5 10 8 6 Naked Turns . | . . . . . . . . . . . . . . . . . . . Heaviest Build 99 | 6 6 13 16 22 29 45 58 61 65 66 70 79 79 84 65 64 99 95 Greatest Support 160 | 20 20 20 20 27 35 45 65 65 160 160 136 138 100 95 95 95 100 95 Greatest Overweight (x) 5 | . . 1 . 1 . . . 4 5 . . 1 . . 1 . . 3 Average Overweight (x) . | . . . . . . . . . . . . . . . . . . . Largest Inventory Capacity 25 | 5 5 5 5 5 5 5 5 5 5 5 5 5 5 5 5 5 25 5 Average Capacity 5 | 5 5 5 5 5 5 5 5 5 5 5 5 5 5 5 5 5 5 5 Most Carried 5 | 2 3 5 5 5 5 5 4 5 5 5 5 5 5 5 5 5 5 5 Average Carried 4 | 1 2 2 4 4 4 3 1 3 3 4 4 4 4 4 3 5 4 3 Final Capacity 5 | 5 5 5 5 5 5 5 5 5 5 5 5 5 5 5 5 5 5 5 Final Carried 5 | 2 3 5 5 5 5 5 2 4 4 4 4 5 5 1 5 5 4 4 Class Distribution -------------------- 50% | Scavenger-Mutant 15% | Infiltrator-Mutant 11% | Derelict-Mutant 9% | Scavenger-Gunner 8% | Mutant Dominant Class ---------------- Mutant | -10/Materials Tank | -9/Materials Scavenger-Mutant | -9/Mines Derelict-Mutant | -7/Zion Derelict-Mutant | -6/Proximity Caves Mutant | -6/Factory Scavenger-Mutant | -5/Factory Scavenger-Mutant | -5/Extension Scavenger-Mutant | -5/Cetus Scavenger-Mutant | -5/Archives Scavenger-Gunner | -5/Hub_04(d) Scavenger-Mutant | -4/Factory Scavenger-Gunner | -4/Upper Caves Scavenger-Mutant | -4/Upper Caves Scavenger-Mutant | -4/Warlord Scavenger-Mutant | -3/Proximity Caves Infiltrator-Mutant | -3/Research Scavenger-Mutant | -2/Research Resources | -11 -10 -9 -9 -7 -6 -6 -5 -5 -5 -5 -5 -4 -4 -4 -4 -3 -3 -2 ----------- Run | Jun Mat Mat Min Zio Pro Fac Fac Ext Cet Arc Hub Fac Upp Upp War Pro Res Res Matter Collected 3600 | 217 40 174 42 79 206 235 70 225 418 248 276 . 351 135 90 20 442 332 Remotely . | . . . . . . . . . . . . . . . . . . . Salvage Created 8250 | . 125 548 . . 286 153 114 1478 859 394 527 . 468 590 314 142 1505 747 Parts 329 | . 5 35 . . 12 9 9 41 43 13 23 . 19 16 9 8 67 20 Haulers Intercepted 2 | . . . . . . . . 1 . . . . . . . . 1 . Recyclers Shooed 4 | . . . . . . . . 4 . . . . . . . . . . Parts Field Recycled . | . . . . . . . . . . . . . . . . . . . Retrieved Matter . | . . . . . . . . . . . . . . . . . . . Parts Self-Destructed 40 | . . . . . 7 . . . . . . . 12 14 . 7 . . Prevented 14 | . . . . . 5 . . . . . . . 9 . . . . . Kills | -11 -10 -9 -9 -7 -6 -6 -5 -5 -5 -5 -5 -4 -4 -4 -4 -3 -3 -2 ------- Run | Jun Mat Mat Min Zio Pro Fac Fac Ext Cet Arc Hub Fac Upp Upp War Pro Res Res Combat Hostiles Destroyed 148 | . 2 11 . . 5 3 3 5 13 4 8 . 9 10 16 9 33 17 Guns 52 | . 2 8 . . 4 . . . 12 4 8 . 8 6 . . . . Cannons 41 | . . 3 . . 1 3 3 4 1 . . . . . 5 3 17 1 AOE 47 | . . . . . . . . . . . . . . . 11 6 15 15 Classes Destroyed 19 | . 2 2 . . 2 1 1 4 . . . . . . 4 . . 3 Worker 4 | . . . . . . . . 1 . . . . . . . . 2 1 Builder 5 | . . . . . . . . 1 . . 1 . . . . . 2 1 Tunneler 1 | . . . . . . . . . . . . . . . . . . 1 Hauler 2 | . . . . . . . . 1 . . . . . . . . 1 . Recycler 8 | . . . . . . . . 6 . . . . . . . . 1 1 Carrier 1 | . . . . . . . . . . . . . . . . . . 1 Mechanic 1 | . . . . . . . . . . . . . . . . . . 1 Drone 1 | . . . . . 1 . . . . . . . . . . . . . Watcher 9 | . 1 . . . . . 1 3 1 . . . . . . . 3 . Swarmer 20 | . . . . . . . 3 . . . . . 4 3 1 9 . . Grunt 46 | . 2 8 . . 2 . . 1 3 . 4 . 4 5 3 . 7 7 Brawler 8 | . . 1 . . 1 . . . . . . . . . 4 . 1 1 Duelist 3 | . . . . . . . . . . . . . . . 2 . . 1 Protector 2 | . . . . . . . . . . . . . . . 1 . 1 . Sentry 17 | . . 2 . . . . . 4 . 4 2 . 1 . . . 1 3 Specialist 1 | . . . . . . . . . . . . . . . 1 . . . Hunter 13 | . . . . . 1 1 . . 2 . . . . 2 2 . 5 . Programmer 31 | . . . . . . 2 . . 4 . 2 . . . . . 18 5 Cetus Guard 4 | . . . . . . . . . 4 . . . . . . . . . Striker 2 | . . . . . . . . . . . . . . . 2 . . . Packrat 1 | . . . . . . . . . . . . . . . . 1 . . Best Kill Streak 12 | . 3 7 . . 2 1 4 4 6 2 4 . 4 3 12 5 8 7 Combat Bots Only 12 | . 2 7 . . 2 1 3 1 5 2 4 . 4 3 12 5 8 5 Max Kills in Single Turn 7 | . 1 1 . . 1 1 1 1 1 1 2 . 1 2 3 5 7 3 Gunslinging 1 | . . . . . . . . . . . 1 . . 1 . . . . Exploded 6 | . . . . . . . . . . . . . . . 3 4 6 2 Melee . | . . . . . . . . . . . . . . . . . . . Uniques/NPCs Destroyed . | . . . . . . . . . . . . . . . . . . . Combat | -11 -10 -9 -9 -7 -6 -6 -5 -5 -5 -5 -5 -4 -4 -4 -4 -3 -3 -2 -------- Run | Jun Mat Mat Min Zio Pro Fac Fac Ext Cet Arc Hub Fac Upp Upp War Pro Res Res Damage Taken 14716 | . 90 425 . . 746 87 34 1026 2649 418 889 55 788 1590 157 208 2015 3539 Core 2567 | . 17 42 . . 79 . . 120 408 23 66 22 97 93 . 23 123 1454 Absorbed by Shields . | . . . . . . . . . . . . . . . . . . . Redirected to Shielding 102 | . . 8 . . . . . . 94 . . . . . . . . . Regen/Repaired (Parts) 162 | . . . . . . . . . . . . . . . 162 . . . Core Remaining (%) 81 | 100 93 . . . 69 100 . . . . 38 . . . . 79 90 . Volleys Fired 598 | . 8 35 . . 30 6 10 78 73 53 37 16 31 37 16 7 114 47 Largest 3 | . 2 3 . . 2 1 2 2 3 3 3 3 3 2 2 1 3 2 Hottest 239 | . 60 108 . . 125 90 159 159 193 193 209 239 239 169 100 50 179 147 Shots Fired 929 | . 16 72 . . 44 6 14 85 137 89 87 22 55 70 21 7 140 64 Gun 513 | . 16 67 . . 33 . . . 87 89 87 19 46 69 . . . . Cannon 362 | . . 5 . . 7 6 14 85 50 . . 3 9 1 14 4 124 40 Launcher 6 | . . . . . 4 . . . . . . . . . . . . 2 Special 48 | . . . . . . . . . . . . . . . 7 3 16 22 Kinetic 272 | . 8 30 . . . . . . 47 26 57 4 23 12 . . 33 32 Thermal 472 | . . 5 . . 29 6 10 66 87 63 30 15 23 57 . . 81 . Explosive 50 | . . . . . . . . . . . . . . . 7 3 16 24 Electromagnetic 107 | . 8 37 . . 15 . 4 19 3 . . 3 9 1 . . . 8 Entropic 28 | . . . . . . . . . . . . . . . 14 4 10 . Robot Hit Streak 19 | . 3 8 . . 17 5 6 19 8 7 10 3 8 10 10 11 13 12 Robot Miss Streak 4 | . 2 4 . . 4 1 . 1 4 2 2 2 2 3 1 2 3 2 Penetration Max 1 | . . . . . . . . . 1 . . . . 1 . . . . Secondary Targets 12 | . 2 . . . . . . . 3 . 2 . 3 2 . . . . Max Gunslinging Chain 1 | . 1 . . . . . . . 1 . 1 . 1 1 . . . . Shots Hit Robots 535 | . 11 43 . . 31 5 5 58 77 29 54 5 40 49 15 4 71 38 Core Hits 325 | . 6 21 . . 12 3 4 29 31 14 19 2 15 18 30 9 65 47 Critical Kills 4 | . . . . . . . . . . 1 . . 1 . . . 2 . Critical Parts Destroyed 2 | . . . . . . . . . . 1 . . 1 . . . . . Critical Strikes 43 | . . . . . 2 . 1 . 1 2 . . 3 6 9 2 7 10 Burn 8 | . . . . . 2 . . . . . . . . 6 . . . . Meltdown 2 | . . . . . . . . . . . . . . . . . 2 . Destroy 5 | . . . . . . . . . 1 2 . . 2 . . . . . Blast 5 | . . . . . . . . . . . . . . . . . 1 4 Corrupt 2 | . . . . . . . 1 . . . . . 1 . . . . . Sever 13 | . . . . . . . . . . . . . . . 4 . 3 6 Sunder 8 | . . . . . . . . . . . . . . . 5 2 1 . Melee Attacks . | . . . . . . . . . . . . . . . . . . . Impact . | . . . . . . . . . . . . . . . . . . . Slashing . | . . . . . . . . . . . . . . . . . . . Piercing . | . . . . . . . . . . . . . . . . . . . Sneak Attacks . | . . . . . . . . . . . . . . . . . . . Combat Hostiles . | . . . . . . . . . . . . . . . . . . . Follow-up Attacks . | . . . . . . . . . . . . . . . . . . . Damage Inflicted 28461 | . 141 418 . . 651 195 224 1930 2316 790 1504 168 1096 1201 4086 1047 7386 5308 Guns 6945 | . 141 335 . . 386 . . . 1631 790 1504 108 849 1201 . . . . Cannons 7825 | . . 83 . . 100 195 224 1795 685 . . 60 247 . 622 199 2772 843 Explosions 11890 | . . . . . 165 . . 108 . . . . . . 3188 746 3891 3792 Melee . | . . . . . . . . . . . . . . . . . . . Ramming 27 | . . . . . . . . 27 . . . . . . . . . . Kinetic 4591 | . 38 104 . . . . . . 908 497 1042 23 398 280 . . 546 755 Thermal 7408 | . . 83 . . 383 195 76 1371 1333 293 462 85 451 921 . . 1755 . Explosive 11584 | . . . . . . . . . . . . . . . 3188 746 3891 3759 Electromagnetic 1785 | . 103 231 . . 268 . 148 532 75 . . 60 247 . . . . 121 Impact . | . . . . . . . . . . . . . . . . . . . Slashing 1774 | . . . . . . . . . . . . . . . 276 102 723 673 Piercing . | . . . . . . . . . . . . . . . . . . . Entropic 1292 | . . . . . . . . . . . . . . . 622 199 471 . Highest Corruption 15 | . . 4 4 4 . 1 . . 12 12 15 . . . . . 4 7 Average Corruption 4 | . . 3 4 4 . 1 . . 10 12 12 . . . . . 1 1 Corruption Purged . | . . . . . . . . . . . . . . . . . . . Corruption Blocked . | . . . . . . . . . . . . . . . . . . . Effects 98 | . . 2 6 1 . 1 . . 18 20 21 . . . . . 24 5 Message Errors 18 | . . 1 1 . . . . . 2 6 3 . . . . . 5 . Matter Fused 28 | . . 1 3 . . . . . 6 5 5 . . . . . 7 1 Heat Flow Errors 9 | . . . . 1 . . . . 1 1 3 . . . . . 2 1 Energy Discharges 16 | . . . . . . 1 . . 5 3 1 . . . . . 5 1 Parts Rejected 3 | . . . . . . . . . . 1 2 . . . . . . . Parts Fused 1 | . . . . . . . . . . . . . . . . . 1 . Data Loss (minor) 6 | . . . 1 . . . . . 2 1 . . . . . . 2 . Data Loss (major) 6 | . . . 1 . . . . . 1 1 . . . . . . 2 1 Misfires 2 | . . . . . . . . . . 1 1 . . . . . . . Alerts 2 | . . . . . . . . . . 1 . . . . . . . 1 Misdirections 1 | . . . . . . . . . . . 1 . . . . . . . Weapon Failures 6 | . . . . . . . . . 1 . 5 . . . . . . . Overload Shots . | . . . . . . . . . . . . . . . . . . . Overflow Damage 774 | . . . . . 16 . . 26 . . . 5 . . 194 54 333 146 Projectiles 451 | . . . . . 16 . . 26 . . . 5 . . 143 . 215 46 Explosions 323 | . . . . . . . . . . . . . . . 51 54 118 100 Melee . | . . . . . . . . . . . . . . . . . . . Knockbacks 9 | . . . . . . . . 1 . . . . . . . . 4 4 Impact 1 | . . . . . . . . 1 . . . . . . . . . . Kinetic 7 | . . . . . . . . . . . . . . . . . 3 4 Secondary 1 | . . . . . . . . . . . . . . . . . 1 . Self-Inflicted Damage 129 | . . . . . 4 . . . . . . . . . . . . 125 Shots 3 | . . . . . 1 . . . . . . . . . . . . 2 Rammed . | . . . . . . . . . . . . . . . . . . . Targets Rammed 3 | . . . . . . . . 3 . . . . . . . . . . Kicked 3 | . . . . . . . . 3 . . . . . . . . . . Crushed . | . . . . . . . . . . . . . . . . . . . Highest Temperature 482 | . 111 48 . 114 201 120 45 105 482 186 185 94 91 231 115 . 189 136 Average Temperature 58 | . 52 17 . 65 86 52 19 31 113 51 46 38 33 77 56 . 46 53 Received Heat Transfer 1988 | . 51 195 . . 162 . . 258 60 45 108 21 156 407 . . 246 279 Siege Activations . | . . . . . . . . . . . . . . . . . . . Robots Corrupted 2 | . . . . . . . . 1 . . . . 1 . . . . . Combat Hostiles 1 | . . . . . . . . . . . . . 1 . . . . . Parts Fried 10 | . . . . . 1 . . 6 . . . . 3 . . . . . Impact Corruptions . | . . . . . . . . . . . . . . . . . . . Robots Melted 7 | . . . . . . . . 1 . . . . . 4 . . 2 . Combat Hostiles 6 | . . . . . . . . 1 . . . . . 4 . . 1 . Parts Melted 31 | . . . . . 3 1 . 4 5 . . . . 12 . . 6 . Heat Transferred 10411 | . . 148 . . 925 237 100 1990 1591 370 555 111 592 2312 . . 1480 . Parts Sabotaged 2 | . . . . . . . . . . . . . . . . . 2 . Parts Stolen . | . . . . . . . . . . . . . . . . . . . Parts Stripped . | . . . . . . . . . . . . . . . . . . . Power Chain Reactions 1 | . . . . . . . . 1 . . . . . . . . . . Missiles Intercepted . | . . . . . . . . . . . . . . . . . . . Alert | -11 -10 -9 -9 -7 -6 -6 -5 -5 -5 -5 -5 -4 -4 -4 -4 -3 -3 -2 ------- Run | Jun Mat Mat Min Zio Pro Fac Fac Ext Cet Arc Hub Fac Upp Upp War Pro Res Res Peak Influence 1527 | . 102 362 63 . . 300 94 320 353 237 427 233 . . . . 852 1527 Initial 479 | . . 42 63 . . 300 . 45 179 64 12 208 . . . . . 479 Average 240 | . 44 200 63 . . 132 70 103 191 141 171 137 . . . . 226 840 Maximum Alert Level 4 | . . 1 . . . 1 . 1 1 1 2 1 . . . . 3 4 Low Security (%) 60 | 100 100 51 100 . . 69 100 82 69 73 81 43 . . . . 59 . Level 1 21 | . . 48 . . . 30 . 17 30 26 5 56 . . . . 17 . Level 2 10 | . . . . . . . . . . . 12 . . . . . 19 34 Level 3 6 | . . . . . . . . . . . . . . . . . 3 45 Level 4 2 | . . . . . . . . . . . . . . . . . . 20 Level 5 . | . . . . . . . . . . . . . . . . . . . High Security . | . . . . . . . . . . . . . . . . . . . Max Security . | . . . . . . . . . . . . . . . . . . . Squads Dispatched 30 | . 1 1 . . . 3 . 1 . . 5 1 . 1 . . 9 8 Investigation 2 | . . . . . . 1 . . . . 1 . . . . . . . Extermination 14 | . . . . . . 2 . . . . 1 1 . . . . 7 3 Reinforcement 5 | . 1 1 . . . . . 1 . . . . . . . . . 2 Assault 7 | . . . . . . . . . . . 1 . . 1 . . 2 3 Garrison 2 | . . . . . . . . . . . 2 . . . . . . . Intercept . | . . . . . . . . . . . . . . . . . . . Searches Triggered . | . . . . . . . . . . . . . . . . . . . Construction Impeded 1 | . . . . . . . . . . . . . . . . . . 1 Haulers Reinforced . | . . . . . . . . . . . . . . . . . . . Active Scanning Responses . | . . . . . . . . . . . . . . . . . . . Cargo Convoy Interrupts . | . . . . . . . . . . . . . . . . . . . Stealth | -11 -10 -9 -9 -7 -6 -6 -5 -5 -5 -5 -5 -4 -4 -4 -4 -3 -3 -2 --------- Run | Jun Mat Mat Min Zio Pro Fac Fac Ext Cet Arc Hub Fac Upp Upp War Pro Res Res Distress Signals 7 | . 1 1 . . . . 1 . 1 . . . . . 2 . . 1 Communications Jammed 16 | . . . . . . . . . . . . . . . . . 16 . Distress Signals 16 | . . . . . . . . . . . . . . . . . 16 . Times Spotted 256 | . 4 16 . . 10 5 4 23 16 8 11 4 13 18 15 9 54 46 Peak Tracking Total 12 | . 3 5 . . 3 2 4 5 5 2 4 4 4 7 8 5 7 12 Tactical Retreats 28 | . . 1 . . 2 1 . 2 . . 1 1 3 2 . . 5 10 Traps | -11 -10 -9 -9 -7 -6 -6 -5 -5 -5 -5 -5 -4 -4 -4 -4 -3 -3 -2 ------- Run | Jun Mat Mat Min Zio Pro Fac Fac Ext Cet Arc Hub Fac Upp Upp War Pro Res Res Traps Triggered 6 | . . 2 . . . 1 . 1 . . 1 . . . . . . 1 Indirectly . | . . . . . . . . . . . . . . . . . . . Trap Hack Attempts . | . . . . . . . . . . . . . . . . . . . Triggered . | . . . . . . . . . . . . . . . . . . . Disarmed . | . . . . . . . . . . . . . . . . . . . Reprogrammed . | . . . . . . . . . . . . . . . . . . . Reused . | . . . . . . . . . . . . . . . . . . . Traps Extracted . | . . . . . . . . . . . . . . . . . . . Installed . | . . . . . . . . . . . . . . . . . . . Triggered 14 | . . . . . . . . . . . . . 2 1 11 . . . Machines | -11 -10 -9 -9 -7 -6 -6 -5 -5 -5 -5 -5 -4 -4 -4 -4 -3 -3 -2 ---------- Run | Jun Mat Mat Min Zio Pro Fac Fac Ext Cet Arc Hub Fac Upp Upp War Pro Res Res Machines Disabled 12 | . . 1 . . . . . . . 2 2 . . . . . 3 4 Max in Single Turn 2 | . . 1 . . . . . . . 1 1 . . . . . 2 1 Garrison Access 1 | . . . . . . . . . . . 1 . . . . . . . Machines Repaired . | . . . . . . . . . . . . . . . . . . . Machines Sabotaged . | . . . . . . . . . . . . . . . . . . . Overloaded Fab Kills . | . . . . . . . . . . . . . . . . . . . Hacking | -11 -10 -9 -9 -7 -6 -6 -5 -5 -5 -5 -5 -4 -4 -4 -4 -3 -3 -2 --------- Run | Jun Mat Mat Min Zio Pro Fac Fac Ext Cet Arc Hub Fac Upp Upp War Pro Res Res Machines Accessed 22 | . . 1 . . . 1 . 1 2 1 1 . 2 . 11 1 1 . Terminals 6 | . . 1 . . . . . 1 2 . . . 1 . . 1 . . Fabricators . | . . . . . . . . . . . . . . . . . . . Repair Stations . | . . . . . . . . . . . . . . . . . . . Recycling Units 1 | . . . . . . 1 . . . . . . . . . . . . Scanalyzers . | . . . . . . . . . . . . . . . . . . . Garrison Access 2 | . . . . . . . . . . . 1 . . . . . 1 . Total Hacks 59 | . . 2 . . . 2 . 1 4 25 2 . 2 . 19 1 1 . Successful 53 | . . 1 . . . 2 . . 2 25 1 . 2 . 19 1 . . Failed 6 | . . 1 . . . . . 1 2 . 1 . . . . . 1 . Catastrophic 2 | . . 1 . . . . . 1 . . . . . . . . . . Database Lockouts . | . . . . . . . . . . . . . . . . . . . Manual 52 | . . . . 11 . 12 . 18 . . 4 2 . . . . 5 . Terminals 9 | . . 2 . . . . . 1 4 . . . 1 . . 1 . . Fabricators . | . . . . . . . . . . . . . . . . . . . Repair Stations . | . . . . . . . . . . . . . . . . . . . Recycling Units 2 | . . . . . . 2 . . . . . . . . . . . . Scanalyzers . | . . . . . . . . . . . . . . . . . . . Garrison Access 3 | . . . . . . . . . . . 2 . . . . . 1 . Terminal Hacks 50 | . . 1 . . . . . . 2 25 . . 2 . 19 1 . . Record 46 | . . . . . . . . . 2 25 . . 1 . 17 1 . . Open Door 3 | . . . . . . . . . . . . . 1 . 2 . . . Hauler Manifests 1 | . . 1 . . . . . . . . . . . . . . . . Fabricator Hacks . | . . . . . . . . . . . . . . . . . . . Repair Station Hacks . | . . . . . . . . . . . . . . . . . . . Recycling Unit Hacks 2 | . . . . . . 2 . . . . . . . . . . . . Report Inventory 1 | . . . . . . 1 . . . . . . . . . . . . Retrieve Components 1 | . . . . . . 1 . . . . . . . . . . . . Scanalyzer . | . . . . . . . . . . . . . . . . . . . Garrison Access Hacks 1 | . . . . . . . . . . . 1 . . . . . . . Unlock Access 1 | . . . . . . . . . . . 1 . . . . . . . Unauthorized Hacks . | . . . . . . . . . . . . . . . . . . . Terminals . | . . . . . . . . . . . . . . . . . . . Fabricators . | . . . . . . . . . . . . . . . . . . . Repair Stations . | . . . . . . . . . . . . . . . . . . . Recycling Units . | . . . . . . . . . . . . . . . . . . . Scanalyzers . | . . . . . . . . . . . . . . . . . . . Garrison Access . | . . . . . . . . . . . . . . . . . . . Data Cores Recovered 1 | . . . . . . . . 1 . . . . . . . . . . Used . | . . . . . . . . . . . . . . . . . . . Hacking Detections 6 | . . 1 . . . 2 . . 1 . 1 . . . . . 1 . Full Trace Events . | . . . . . . . . . . . . . . . . . . . Feedback Events . | . . . . . . . . . . . . . . . . . . . Feedback Blocked . | . . . . . . . . . . . . . . . . . . . Robot Schematics Acquired . | . . . . . . . . . . . . . . . . . . . Robots Built . | . . . . . . . . . . . . . . . . . . . Authchips . | . . . . . . . . . . . . . . . . . . . Time . | . . . . . . . . . . . . . . . . . . . Total Robot Build Rating . | . . . . . . . . . . . . . . . . . . . Part Schematics Acquired . | . . . . . . . . . . . . . . . . . . . Parts Built . | . . . . . . . . . . . . . . . . . . . Authchips . | . . . . . . . . . . . . . . . . . . . Time . | . . . . . . . . . . . . . . . . . . . Total Part Build Rating . | . . . . . . . . . . . . . . . . . . . Parts Repaired . | . . . . . . . . . . . . . . . . . . . Time . | . . . . . . . . . . . . . . . . . . . Parts Recycled . | . . . . . . . . . . . . . . . . . . . Recycled Matter . | . . . . . . . . . . . . . . . . . . . Retrieved Matter . | . . . . . . . . . . . . . . . . . . . Retrieved Components 2 | . . . . . . 2 . . . . . . . . . . . . Parts Scanalyzed . | . . . . . . . . . . . . . . . . . . . Part Schematics Acquired . | . . . . . . . . . . . . . . . . . . . Parts Damaged . | . . . . . . . . . . . . . . . . . . . Bothacking | -11 -10 -9 -9 -7 -6 -6 -5 -5 -5 -5 -5 -4 -4 -4 -4 -3 -3 -2 ------------ Run | Jun Mat Mat Min Zio Pro Fac Fac Ext Cet Arc Hub Fac Upp Upp War Pro Res Res Used RIF Installer . | . . . . . . . . . . . . . . . . . . . Robots Hacked . | . . . . . . . . . . . . . . . . . . . Non-combat . | . . . . . . . . . . . . . . . . . . . Combat . | . . . . . . . . . . . . . . . . . . . Robot Hacks Applied . | . . . . . . . . . . . . . . . . . . . Relay Couplers Released . | . . . . . . . . . . . . . . . . . . . Fabnet Peak Effective % . | . . . . . . . . . . . . . . . . . . . Robots Rewired . | . . . . . . . . . . . . . . . . . . . Allies Hacked . | . . . . . . . . . . . . . . . . . . . Hacks Repelled . | . . . . . . . . . . . . . . . . . . . Allies | -11 -10 -9 -9 -7 -6 -6 -5 -5 -5 -5 -5 -4 -4 -4 -4 -3 -3 -2 -------- Run | Jun Mat Mat Min Zio Pro Fac Fac Ext Cet Arc Hub Fac Upp Upp War Pro Res Res Total Allies 14 | . . . . 4 . 1 . 9 . . . . . . . . . . Largest Group 6 | . . . . 4 . 1 . 6 3 . . . . . . . . . Highest-Rated Group 282 | . . . . 151 . 29 . 282 210 . . . . . . . . . Highest-Rated Ally 85 | . . . . 39 . 29 . 85 70 . . . . . . . . . Zionite Dispatches 5 | . . . . . . 1 . 3 . . 1 . . . . . . . Heavy 1 | . . . . . . . . 1 . . . . . . . . . . Light 1 | . . . . . . . . 1 . . . . . . . . . . Recon 1 | . . . . . . . . . . . 1 . . . . . . . Fire 1 | . . . . . . . . 1 . . . . . . . . . . Offense Resupply 1 | . . . . . . 1 . . . . . . . . . . . . Total Orders 12 | . . . . . . 1 1 . . 1 2 . . . 2 2 3 . ROAM 1 | . . . . . . . . . . . . . . . . . 1 . EXPLORE 6 | . . . . . . . . . . . 1 . . . 1 2 2 . RETURN 5 | . . . . . . 1 1 . . 1 1 . . . 1 . . . Ally Attacks 43 | . . . . . . . . 31 12 . . . . . . . . . Total Damage 1179 | . . . . . . . . 924 255 . . . . . . . . . Kills 9 | . . . . . . . . 9 . . . . . . . . . . Allies Corrupted . | . . . . . . . . . . . . . . . . . . . Allies Melted . | . . . . . . . . . . . . . . . . . . . Intel | -11 -10 -9 -9 -7 -6 -6 -5 -5 -5 -5 -5 -4 -4 -4 -4 -3 -3 -2 ------- Run | Jun Mat Mat Min Zio Pro Fac Fac Ext Cet Arc Hub Fac Upp Upp War Pro Res Res Robot Analysis Total . | . . . . . . . . . . . . . . . . . . . Derelict Logs Recovered 5 | . . . . 1 1 . . . . . . . 2 1 . . . . Drone Launches 12 | . . . . . . 1 1 . . 1 2 . . . 2 2 3 . Drone Recoveries 11 | . . . . . . 1 1 . . 1 2 . . . 2 1 3 . Zionite Intel Received 3 | . . . . . . 1 . 1 . . . . . . . . 1 . Guard Positions 1 | . . . . . . . . . . . . . . . . . 1 . Prototype Stockpiles 1 | . . . . . . 1 . . . . . . . . . . . . Depthwide Sectors/0 1 | . . . . . . . . 1 . . . . . . . . . . Exploration | -11 -10 -9 -9 -7 -6 -6 -5 -5 -5 -5 -5 -4 -4 -4 -4 -3 -3 -2 ------------- Run | Jun Mat Mat Min Zio Pro Fac Fac Ext Cet Arc Hub Fac Upp Upp War Pro Res Res Turns Passed 16608 | 46 55 410 274 2184 843 1314 258 1112 515 505 381 704 1227 1303 1129 525 2759 1064 Spaces Moved 10267 | 44 39 240 209 1727 591 701 159 689 194 210 136 339 756 943 805 365 1470 650 Core 71 | 3 . 3 . . . . . . 14 . . . . . . . . 51 Treads 772 | . . . . . . . . . 133 210 136 291 . . . . . 2 Legs 8660 | . . 67 209 1727 591 701 159 447 . . . 48 756 943 805 365 1470 372 Wheels 539 | 41 39 170 . . . . . 242 47 . . . . . . . . . Hover 225 | . . . . . . . . . . . . . . . . . . 225 Flight . | . . . . . . . . . . . . . . . . . . . Fastest Speed 50 | 50 80 80 120 120 120 120 120 93 100 160 160 120 120 120 120 120 120 50 Average Speed 121 | 77 80 91 120 123 121 120 120 118 154 160 160 154 120 120 120 120 120 95 Slowest Speed 330 | 80 80 120 120 190 125 120 120 190 300 160 160 232 120 120 190 120 120 330 Overloaded Moves . | . . . . . . . . . . . . . . . . . . . Propulsion Burnouts . | . . . . . . . . . . . . . . . . . . . Robots Hopped . | . . . . . . . . . . . . . . . . . . . Cave-ins Triggered 1 | . . . . . . . . . 1 . . . . . . . . . Exploration Rate (%) 47 | 5 19 23 39 91 59 15 2 79 68 100 13 11 84 89 95 72 30 17 Regions Visited 18 Branch Regions 11 Pre-discovered Areas 12 | . . . . 2 . . . 8 . . . . 1 . 1 . . . Known Exits Taken . | . . . . . . . . . . . . . . . . . . . Unknown Exits Taken 18 | 1 1 1 1 1 1 1 1 1 1 1 1 1 1 1 1 1 1 . Scrap Searched 15 | . . . 2 4 3 . . . . . . . 3 2 . 1 . . Spaces Dug 72 | . . . . . . . 6 17 10 7 3 5 . . 3 . 18 3 Terrain Destroyed 873 | . . . . . . 1 8 22 42 16 23 8 17 6 93 61 258 318 Melee . | . . . . . . . . . . . . . . . . . . . Projectile 225 | . . . . . . 1 8 20 42 16 23 8 17 6 3 2 62 17 AOE 648 | . . . . . . . . 2 . . . . . . 90 59 196 301 Terrain Rammed . | . . . . . . . . . . . . . . . . . . . Walls Destroyed . | . . . . . . . . . . . . . . . . . . . Machines Disabled . | . . . . . . . . . . . . . . . . . . . Actions | -11 -10 -9 -9 -7 -6 -6 -5 -5 -5 -5 -5 -4 -4 -4 -4 -3 -3 -2 --------- Run | Jun Mat Mat Min Zio Pro Fac Fac Ext Cet Arc Hub Fac Upp Upp War Pro Res Res Total 13683 | 52 48 373 231 1785 668 1173 211 895 324 323 246 508 1038 1050 953 447 2325 1033 Wait 2389 | 2 1 75 18 25 19 408 35 80 19 41 68 136 243 55 117 73 678 296 Move 10248 | 43 38 239 208 1726 590 700 158 688 192 209 135 338 755 942 804 364 1469 650 Hop . | . . . . . . . . . . . . . . . . . . . Pick Up 47 | 2 1 3 2 7 3 8 . 4 . 4 . 2 1 . 4 . 3 3 Fast Attach 123 | 5 . 9 . 8 4 11 1 14 15 3 3 6 2 4 5 1 22 10 Attach 57 | . . 5 2 1 2 10 4 6 6 2 1 1 . 4 1 . 6 6 Detach 48 | . . 5 . . 3 10 1 6 8 . 1 2 1 1 1 . 3 6 Swap 50 | . . . 1 2 10 5 2 2 4 6 1 1 2 3 1 1 8 1 Drop 109 | . . 2 . 15 7 15 . 6 6 5 . 6 3 3 4 1 22 14 Fire 598 | . 8 35 . . 30 6 10 78 73 53 37 16 31 37 16 7 114 47 Melee . | . . . . . . . . . . . . . . . . . . . Ram . | . . . . . . . . . . . . . . . . . . . Kick 3 | . . . . . . . . 3 . . . . . . . . . . Crush . | . . . . . . . . . . . . . . . . . . . Escape Stasis 9 | . . . . . . . . 8 1 . . . . . . . . . Rewire 2 | . . . . 1 . . . . . . . . . 1 . . . . Trap . | . . . . . . . . . . . . . . . . . . . Miscellaneous . | . . . . . . . . . . . . . . . . . . . Route ------- -11/Junkyard -10/Materials -9/Materials -9/Mines (discovered 2 exits: [*Mat] / *Zio) -7/Zion -6/Proximity Caves -6/Factory -5/Factory (discovered 3 exits: *Fac / Upp / *Ext) -5/Extension (discovered 2 exits: *Fac / *Cet) -5/Cetus -5/Archives (discovered 3 exits: *Fac / *Hub x2) -5/Hub_04(d) -4/Factory -4/Upper Caves -4/Upper Caves -4/Warlord -3/Proximity Caves -3/Research -2/Research History --------- Turn | Location | Event 24 | -11/Junkyard | Discovered new exit (range 16) 47 | -11/Junkyard | Entered Materials 86 | -10/Materials | Discovered new exit (range 15) 102 | -10/Materials | Entered another Materials area 102 | -9/Materials | Evolved 2 slots: Utility x1, Weapon x1 328 | -9/Materials | Discovered new exit (range 14) 432 | -9/Materials | Destroyed 7 combat bots 437 | -9/Materials | Lost 7 parts (2n2u3w) 512 | -9/Materials | Entered Mines 531 | -9/Mines | A Derelict revealed a hidden shortcut to a safe place 617 | -9/Mines | Discovered new exit (range 7) 686 | -9/Mines | Build established: Scavenger-Mutant 732 | -9/Mines | YI-UF0 nonchalantly dropped a Grenade Launcher on the ground 753 | -9/Mines | Found a hidden stash of uninstalled traps 786 | -9/Mines | Entered Zion 834 | -7/Zion | System corruption cleaned by Quarantine Array 1259 | -7/Zion | Imprinted 1261 | -7/Zion | Declared Zion's savior 1684 | -7/Zion | Given the Hacking Drone Bay 1684 | -7/Zion | Found Prototype Device 1844 | -7/Zion | Build established: Mutant 1886 | -7/Zion | Identified Hacking Drone Bay 2166 | -7/Zion | Build established: Derelict-Mutant 2414 | -7/Zion | Received a hallucinogenic algorithm 2955 | -7/Zion | Discovered new exit (range 12) 2970 | -7/Zion | Entered Proximity Caves 2973 | -6/Proximity Caves | Spotter reported a threat 2973 | -6/Proximity Caves | Spotter reported a threat 3090 | -6/Proximity Caves | Spotted B-75 Beast 3104 | -6/Proximity Caves | Learned Factory emergency access door positions 3551 | -6/Proximity Caves | Discovered new exit (range 5) 3803 | -6/Proximity Caves | Build established: Scavenger-Mutant 3813 | -6/Proximity Caves | Entered Factory 3813 | -6/Factory | Evolved 6 slots: Power x1, Propulsion x1, Utility x4 3907 | -6/Factory | Zion Offense Resupply teleported in 3911 | -6/Factory | Spotted B-75 Beast 4106 | -6/Factory | Build established: Derelict-Mutant 4151 | -6/Factory | Found Prototype Processor 4151 | -6/Factory | Identified Exp. Targeting Computer 4728 | -6/Factory | Build established: Mutant 5042 | -6/Factory | Discovered new exit (range 11) 5044 | -6/Factory | Retrieved Zion intel report: Prototype Stockpiles 5127 | -6/Factory | Entered another Factory area 5127 | -5/Factory | Evolved 2 slots: Propulsion x1, Utility x1 5128 | -5/Factory | Identified exit to Upper Caves 5258 | -5/Factory | Discovered new exit (range 18) 5258 | -5/Factory | Discovered new exit (range 8) 5385 | -5/Factory | Entered Extension 5418 | -5/Extension | Build established: Scavenger-Mutant 5480 | -5/Extension | Spotted B-75 Beast 5934 | -5/Extension | Zion Heavy squad teleported in 5939 | -5/Extension | Zion Fire squad teleported in 5970 | -5/Extension | Spotted B-75 Beast 6011 | -5/Extension | Lost 3 parts (1n1u1w) 6055 | -5/Extension | Lost 4 parts (1p2n1u) 6193 | -5/Extension | Zion Light squad teleported in 6231 | -5/Extension | Retrieved Zion intel report: Depthwide Sectors/0 6260 | -5/Extension | Disrupted transfer network 6378 | -5/Extension | Discovered new exit (range 10) 6379 | -5/Extension | Discovered new exit (range 6) 6497 | -5/Extension | Entered Cetus 6497 | -5/Cetus | Accompanied by 3 allies 6546 | -5/Cetus | Crushed by falling debris 6565 | -5/Cetus | Spotted Cetus Guard 6565 | -5/Cetus | Spotted Cetus Guard 6566 | -5/Cetus | Spotted Cetus Guard 6576 | -5/Cetus | Spotted Cetus Guard 6601 | -5/Cetus | Destroyed Cetus Guard 6604 | -5/Cetus | Destroyed Cetus Guard 6629 | -5/Cetus | Destroyed Cetus Guard 6636 | -5/Cetus | Destroyed Cetus Guard 6642 | -5/Cetus | Lost 8 parts (4n2u2w) 6671 | -5/Cetus | Found Prototype Protection 6671 | -5/Cetus | Identified Zio. Weapon Casing 6722 | -5/Cetus | Core integrity fell below 50% 6743 | -5/Cetus | Lost 5 parts (1p1n2u1w) 6818 | -5/Cetus | System corruption reached 10% 6977 | -5/Cetus | Discovered new exit (range 22) 7012 | -5/Cetus | Entered Archives 7082 | -5/Archives | Unable to access archive contents 7203 | -5/Archives | Unable to access archive contents 7218 | -5/Archives | Discovered new exit (range 4) 7317 | -5/Archives | Unable to access archive contents 7323 | -5/Archives | Discovered new exit (range 17) 7335 | -5/Archives | Unable to access archive contents 7341 | -5/Archives | Discovered new exit (range 17) 7435 | -5/Archives | Unable to access archive contents 7517 | -5/Archives | Entered Hub_04(d) 7517 | -5/Hub_04(d) | Discovered new exit (range 20) 7750 | -5/Hub_04(d) | Zion Recon squad teleported in 7802 | -5/Hub_04(d) | Identified exit to Garrison 7898 | -5/Hub_04(d) | Entered Factory 7898 | -4/Factory | Evolved 2 slots: Utility x1, Weapon x1 8206 | -4/Factory | Build established: Scavenger-Gunner 8218 | -4/Factory | Discovered new exit (range 21) 8602 | -4/Factory | Entered Upper Caves 8707 | -4/Upper Caves | Learned location of Quarantine (-2) 8739 | -4/Upper Caves | Attracted the attention of an 0b10 checkpoint 9725 | -4/Upper Caves | Build established: Scavenger-Mutant 9757 | -4/Upper Caves | Discovered new exit (range 8) 9785 | -4/Upper Caves | Learned Research stockpile data 9801 | -4/Upper Caves | Spotted B-86 Titan 9829 | -4/Upper Caves | Entered another Upper Caves area 10114 | -4/Upper Caves | Attracted the attention of an 0b10 outpost 10258 | -4/Upper Caves | Lost 3 parts (1u2w) 10281 | -4/Upper Caves | Learned Research trap positions 10496 | -4/Upper Caves | Lost 3 parts (1p1n1u) 10953 | -4/Upper Caves | Discovered new exit (range 5) 11132 | -4/Upper Caves | Entered Warlord 11348 | -4/Warlord | Learned Research stockpile data 11462 | -4/Warlord | Rebuked by Warlord 11487 | -4/Warlord | Warlord's base attacked by MAIN.C 11604 | -4/Warlord | Found Prototype Special Weapon 11604 | -4/Warlord | Identified RU-N14's Throwing Claymores v3 11607 | -4/Warlord | Found RU-N14's Throwing Claymores v3 11610 | -4/Warlord | Found RU-N14's Throwing Claymores v3 11612 | -4/Warlord | Found RU-N14's Throwing Claymores v3 11614 | -4/Warlord | Found RU-N14's Throwing Claymores v3 11616 | -4/Warlord | Found RU-N14's Throwing Claymores v3 11693 | -4/Warlord | Found Prototype Energy Cannon 11693 | -4/Warlord | Identified Vortex Cannon 11696 | -4/Warlord | Found Vortex Cannon 11837 | -4/Warlord | Warlord forces counterattacked 12087 | -4/Warlord | Spotted Striker 12098 | -4/Warlord | Destroyed Striker 12132 | -4/Warlord | Spotted Striker 12162 | -4/Warlord | Warlord base infiltrated, sounded retreat 12222 | -4/Warlord | Spotted Striker 12225 | -4/Warlord | Destroyed Striker 12237 | -4/Warlord | Discovered new exit (range 13) 12252 | -4/Warlord | Destroyed 12 combat bots 12261 | -4/Warlord | Entered Proximity Caves 12603 | -3/Proximity Caves | Spotted B-86 Titan 12762 | -3/Proximity Caves | Discovered new exit (range 9) 12786 | -3/Proximity Caves | Entered Research 12786 | -3/Research | Evolved 2 slots: Utility x2 12787 | -3/Research | Loaded intel: 68 trap records 12870 | -3/Research | Found Prototype Device 12870 | -3/Research | Identified Exp. Thermal Shield 12910 | -3/Research | Build established: Infiltrator-Mutant 13579 | -3/Research | Discovered new exit (range 8) 13662 | -3/Research | Spotted B-86 Titan 14012 | -3/Research | Retrieved Zion intel report: Guard Positions 14280 | -3/Research | Terminal network hard line cut 15062 | -3/Research | First assault squad dispatched 15391 | -3/Research | Build established: Scavenger-Mutant 15461 | -3/Research | Destroyed 8 combat bots 15468 | -3/Research | Found Fusion Bomb Launcher 15545 | -3/Research | Entered another Research area 15545 | -2/Research | Evolved 2 slots: Utility x1, Weapon x1 15841 | -2/Research | First assault squad dispatched 15881 | -2/Research | Found Imp. Powered Armor 16468 | -2/Research | Spotted B-90 Cyclops 16550 | -2/Research | Core integrity fell below 50% 16606 | -2/Research | Core integrity fell below 20% 16609 | -2/Research | Destroyed by P-80 Master with Gamma Rifle Last Messages --------------- 16561_ G-73 Enforcer heat short circuits Phase Gun. 16561_ Penetrated by Slug. 16562_ The unstable cave ceiling collapses. 16564_ G-73 Enforcer heat short circuits Myomer Leg. 16564_ P-80 Master resets G-73 Enforcer, system corruption cleaned. 16578_ System corrupted: IFF burst signal emitted. 16581_ RU-N14's Throwing Claymores v3 destroyed. 16588_ ALERT: Significant disruption in Zone 8Y, assault force dispatched. 16590_ Fabricator completes Enh. Nova Cannon. 16591_ Acquired Enh. Nova Cannon. 16592_ Dropped Disruptor Cannon. 16600_ Fabricator disabled. 16602_ Acquired Triangulator. 16603_ K-01 Serf collects debris. 16605_ Cmb. Linear Gravjet destroyed. 16607_ K-01 Serf collects debris. 16607_ Slug penetrates L-61 Swordsman. 16607_ Penetrated by Slug. 16608_ System corrupted: Substantial component data lost. 16609_ P-80 Master resets P-80 Master, system corruption cleaned. Map ----- +----------------------------------------------------+ | ??????????# ???? | | ??????????+ ???? | | ??????????# ???? | | ??????????# ????? | | ??????????# ################????? | | ??????????# #???????????????????? | | ??????????# #???????????????????? | | ??????????# #???????????????????? | | ??????????# #???????????????????? | | ??????????# #???????????????????? | | ??????????# #???????????????????? | | ??????????# g#???????????????????? | | ??????????# #???????????????????? | | ??????????# h#????" ????????????? | | ??????????# Y#h?""" ????????????? | | ??????????# # """ "???????????? | | ??????????# + """ "???????????? | | ??????????# # ?????????? | | ??????????# #?? #??????? | | ??????????# #???? #??????? | | ???????#### #?????? | #??????? | | ???????# #???????? ???????? | | ???????# #??????????##???????? | | ???????# l #???????????????????? | | ???????# #???????????????????? | | ??????#####@####???????????????????? | | ??##### pp !#???????????????????? | | ??# "" #???????????????????? | | ??#""" #???????????????????? | | ??#""]] kp "#???????????????????? | | ??#""F" p F"#???????????????????? | | ??#"""" p "#???????????????????? | | ??# """ ""#???????????????????? | | ??##### #???????????????????? | | ??????# #???????????????????? | | ??????##########???????????????????? | | ???????????????????????????????????? | | ???????????????????????????????????? | | ???????????????????????????????????? | | ???????????????????????????????????? | | ?????????????????????????!?????????? | | ???????????????????????????????????? | | ???????????????????????????????????? | | ???????????????????????????????????? | | ???????????????????????????????????? | | ???????????????????????????????????? | | ???????????????????????????????????? | | ???????????????????????????????????? | | ???????????????????????????????????? | | ???????????????????????????????????? | +----------------------------------------------------+ Best States ------------- Heat Dissipation 116 Energy Generation 47 Energy Capacity 600 Matter Stores 300 Matter Capacity 300 Sight Range 22 Robot Scan Range 14 Terrain Scan Range 18 Terrain Scan Density 10 ECM Strength 2 Jamming Range 16 Cloak Strength 3 EM Shielding 3 Armor Coverage 600 Resistance: TH 30 Propulsion Shielding 33 Weapon Shielding 100 Weapon Cycling 20 Phase Shifting 5 Evasion (%) 63 Targeting Accuracy 12 Target Analysis 8 Recoil Reduction 4 Particle Charging 20 Offensive Hacking 14 Item Schematics ----------------- None Robot Schematics ------------------ None Fabricated ------------ Nothing Alien Tech Used ----------------- None Achievements -------------- A Powerful Ally? Adventurer Charge!!! Explorer Preemptive Strike Quick And Dirty Challenges ------------ None Game ------ Seed SubatomicSpacefoldSword Manual? 0 Play Time 11:06:31 Cumulative 138.4 hours Start 2024.01.25 @ 01:53:33 End 2024.01.28 @ 19:04:39 Sessions 49 Manual Loads 0 Difficulty Rogue Special Mode None Game No. 42 Rogue 42 Adventurer 0 Explorer 0 Win Type - Total 0 Types 0/0/0/0/0/0/0/0/0 Lore% 23 Gallery% 49 Achievement% 33 Wizard Run 0 Options --------- ASCII 1 Keyboard 1 Movement Vi Keybinds 1 Fullscreen 1 Font 18/X11 Map View 76x50 Tactical HUD 1 Map Filters NONE Filters NONE Steam 1 RUN: a6898f05-fe2d-4d15-807a-e9939f0d8202